 Dungeon Crawl Stone Soup version 0.30-b1-6-gad0e9d6a2d (webtiles) character file.

Game seed: 3997286557155506033

184 Mysteryquy the Trooper (level 5, -19/33 HPs)
             Began as a Gargoyle Fighter on May 5, 2023.
             Blown up by Ijyb (20 damage)
             ... with a mindburst bolt
             ... on level 4 of the Dungeon.
             The game lasted 00:01:33 (2201 turns).

Mysteryquy the Trooper (Gargoyle Fighter)           Turns: 2201, Time: 00:01:35

Health: -19/33     AC: 11    Str: 22    XL:     5   Next: 63%
Magic:  5/5        EV:  9    Int:  8    God:
Gold:   171        SH:  4    Dex:  9    Spells: 4/4 levels left

rFire   . . .        a - +0 war axe
rCold   . . .        c - +0 buckler
rNeg    + . .        b - +0 scale mail
rPois   ∞            (no helmet)
rElec   +            (no cloak)
rCorr   .            (no gloves)
SInv    .            (no boots)
Will    .....        (no amulet) Stlth
                     (no ring)
HPRegen 0.25/turn    (no ring)
MPRegen 0.09/turn

%: no passive effects
@: no status effects
A: sickness immunity, AC +4, negative energy resistance 1, electricity
resistance, torment resistance 1, petrification resistance
a: no special abilities


You were on level 4 of the Dungeon.
You visited 1 branch of the dungeon, and saw 4 of its levels.

You collected 171 gold pieces.

Inventory:

Hand Weapons
 a - a +0 war axe (weapon)
Armour
 b - a +0 scale mail (worn)
 c - a +0 buckler (worn)
Jewellery
 j - a +4 ring of protection
 l - a ring of wizardry
Scrolls
 g - a scroll of vulnerability {unknown}
 i - 2 scrolls of identify {unknown}
 k - a scroll of enchant armour {unknown}
 n - a scroll of teleportation {unknown}
Potions
 d - a potion of might
 e - 2 potions of curing {unknown}
 f - 2 potions of cancellation {unknown}
 h - 2 potions of haste {unknown}
 m - a potion of heal wounds {unknown}


   Skills:
 + Level 4.2 Fighting
 + Level 3.5 Axes
 + Level 4.0 Armour
 + Level 0.8 Dodging
 + Level 0.1 Stealth
 + Level 3.9 Shields


You had 4 spell levels left.
You didn't know any spells.
Your spell library contained the following spells:

 Spells                   Type           Power      Damage    Failure   Level
 Blink                    Tloc           0%         N/A       90%         2
 Lesser Beckoning         Tloc           0%         N/A       90%         2
 Momentum Strike          Conj/Tloc      0%         3d8       90%         2
 Ignite Poison            Fire/Tmut/Pois 0%         N/A       99%         3
 Sticky Flame             Conj/Fire      0%         2d3       100%        4
 Iskenderun's Battlesphe  Conj           0%         2d6       100%        5
 Iron Shot                Conj/Erth      0%         9d1       100%        6
 Spellforged Servitor     Conj/Summ      0%         N/A       100%        7
 Ignition                 Fire           0%         3d3       100%        8


Dungeon Overview and Level Annotations

Branches:
Dungeon (4/15)
 Temple: D:4-7

Altars:

Shops:
D:2 *

Annotations:
D:4 Ijyb


Innate Abilities, Weirdness & Mutations

You are immune to sickness and miasma.
Your stone body is resilient. (AC +4)
You are immune to poison.
You resist negative energy. (rN+)
You are resistant to electric shocks. (rElec)
You are resistant to unholy torment.
You are immune to petrification.


Message History

Ijyb zaps a wand.
You barely resist.
You hear an angry hiss.
Ijyb is nearby!
Ijyb is nearby!
A goblin comes into view. It is wielding a +0 dagger.
Found 14 gold pieces.
Ijyb zaps a wand.
Your mind is blasted!
Ijyb zaps a wand.
Your mind is blasted!
* * * LOW HITPOINT WARNING * * *
You are too injured to fight recklessly!
You are too injured to fight recklessly!
You are too injured to fight recklessly!
You are too injured to fight recklessly!
You are too injured to fight recklessly!
You are too injured to fight recklessly!
You are too injured to fight recklessly!
You are too injured to fight recklessly!
You are too injured to fight recklessly!
You are too injured to fight recklessly!
You are too injured to fight recklessly!
You are too injured to fight recklessly!
You are too injured to fight recklessly!
You are too injured to fight recklessly!
You are too injured to fight recklessly!
You are too injured to fight recklessly!
You are too injured to fight recklessly!
You are too injured to fight recklessly!
You are too injured to fight recklessly!
You are too injured to fight recklessly!
Unknown command.
You barely miss Ijyb.
Ijyb zaps a wand.
You barely resist.
Ijyb zaps a wand.
Your mind is blasted!
* * * LOW HITPOINT WARNING * * *
The goblin closely misses you.
You hit Ijyb.
Ijyb is lightly wounded.
You slash the goblin!
You kill the goblin!
Ijyb zaps a wand.
Your mind is blasted!
Ouch! That really hurt!
You die...

... $.. .. .. #.
.. #" .... #g##
....# #.@#######
.....##)........
..............##
..............#
.........##.#.#
.........# .# ..
...#....##.# .
...#.......# .#
##...).##...


You could see Ijyb.

Vanquished Creatures
  A hound (D:3)
  A jelly (D:3)
  2 orc wizards (D:3)
  2 adders (D:2)
  A dart slug (D:1)
  3 orcs
  2 endoplasms
  2 giant cockroaches (D:3)
  8 goblins
  3 hobgoblins (D:1)
  4 jackals (D:1)
  7 kobolds
  A quokka (D:1)
  4 ball pythons (D:1)
  4 bats
  6 frilled lizards
  2 rats (D:1)
53 creatures vanquished.

Notes
Turn   | Place    | Note
-------+----------+-------------------------------------------
     0 | D:1      | Mysteryquy the Gargoyle Fighter began the quest for the
                  | Orb.
     0 | D:1      | Reached XP level 1. HP: 14/14 MP: 1/1
   206 | D:1      | Reached XP level 2. HP: 15/20 MP: 2/2
   302 | D:1      | Found a faded altar of an unknown god.
   434 | D:1      | Reached XP level 3. HP: 24/24 MP: 3/3
   699 | D:2      | Found Soec's Assorted Antiques.
  1036 | D:2      | Reached XP level 4. HP: 19/29 MP: 4/4
  1987 | D:3      | Reached XP level 5. HP: 26/33 MP: 5/5
  2195 | D:4      | Noticed Ijyb
  2200 | D:4      | HP: 1/33 [disintegration (6)]
  2201 | D:4      | Blown up by Ijyb

Illustrated notes

Levels and vault maps discovered:
D:1:      dpeg_arrival_connections, layout_basic,
          chequers_ecumenical_altar_island
D:2:      minmay_skewed_foursquare, layout_loops_ring, serial_shops,
          nicolae_shop_tiny_statue_garden
D:3:      layout_loops_ring, roderic_serpentine_path, grunt_ministairs_3
D:4:      minmay_chambers_of_fours, layout_basic,
          mainiacjoe_overflow_small_starburst, mainiacjoe_overflow_alcove_2,
          uniq_sigmund, uniq_ijyb

Skill      XL: |  1  2  3  4  5 |
---------------+----------------+-----
Axes           | 2 3 |  3.5
Fighting       | 4 |  4.2
Armour         | 4 |  4.0
Dodging        | |  0.8
Stealth        | |  0.1
Shields        | |  3.9

Action                     |  1- 3 |  4- 6 || total
---------------------------+-------+-------++-------
  Melee: War axe           |   105 |    50 ||   155
 Armour: Scale mail        |    73 |    28 ||   101
  Dodge: Dodged            |    74 |    19 ||    93
  Block: Buckler           |    25 |     8 ||    33
